NYP
HILLSBORO HOPS @ ROME BRAVES
07/30/2047
 
TOP OF THE 1ST
Hillsboro Hops batting - Pitching for Rome Braves : RHP Chris Hawkins
Pitching: RHP Chris Hawkins
Batting: RHB Nelson Ozuna 0-0: Ball
1-0: Foul Ball, location: 2F
1-1: Ball
2-1: SINGLE (Groundball, P, EV 85.6 MPH) (infield hit)
Batting: RHB Dwane Reed 0-0: Ball
1-0: Ball
Nelson Ozuna steals 2nd base
2-0: Ball
3-0: Called Strike
3-1: Base on Balls
Batting: RHB Terry Jarrells 0-0: Called Strike
0-1: Ball
1-1: Swinging Strike
1-2: Strikes out swinging
Batting: RHB Danny Loyola 0-0: Ball
1-0: Ball
2-0: Ball
3-0: Base on Balls
Nelson Ozuna to third
Dwane Reed to second
Batting: RHB Jonathan Underhill 0-0: Called Strike
0-1: Called Strike
0-2: Ball
1-2: Strikes out looking
Batting: RHB Sean Tanner 0-0: Fielders Choice at 2nd, U4 (Groundball, 4M, EV 88.1 MPH)
Top of the 1st over - 0 runs, 1 hit, 0 errors, 3 left on base; Hillsboro 0 - Rome 0
BOTTOM OF THE 1ST
Rome Braves batting - Pitching for Hillsboro Hops : RHP Justin Gasper
Pitching: RHP Justin Gasper
Batting: RHB Rafael Reyes 0-0: Ball
1-0: Ball
2-0: SINGLE (Groundball, 34D, EV 104.4 MPH)
Batting: RHB Costantino Dolfini 0-0: Ball
Rafael Reyes steals 2nd base
1-0: Called Strike
1-1: Ground out 6-3 (Groundball, 56, EV 90.6 MPH)
Batting: LHB Tamaichi Sasada 0-0: Ball
Rafael Reyes steals 3rd base (no throw)
1-0: Ball
Passed Ball!
Rafael Reyes scores
2-0: Fly out, F5 (Popup, 6D, EV 61.2 MPH)
Batting: RHB Josh McCormick 0-0: Ball
1-0: Foul Ball, location: 2F
1-1: Called Strike
1-2: Ball
2-2: Ball
3-2: Strikes out looking
Bottom of the 1st over - 1 run, 1 hit, 0 errors, 0 left on base; Hillsboro 0 - Rome 1
TOP OF THE 2ND
Hillsboro Hops batting - Pitching for Rome Braves : RHP Chris Hawkins
Batting: RHB Longfellow Wetzler 0-0: Ball
1-0: Foul Ball, location: 2F
1-1: Foul Ball, location: 2F
1-2: Strikes out swinging
Batting: RHB Daniel Rivera 0-0: Called Strike
0-1: Called Strike
0-2: Ball
1-2: Strikes out swinging
Batting: RHB Chris McGrath 0-0: Ball
1-0: Called Strike
1-1: Foul Ball, location: 2F
1-2: Ball
2-2: Strikes out swinging, 2-3 out at first.
Top of the 2nd over - 0 runs, 0 hits, 0 errors, 0 left on base; Hillsboro 0 - Rome 1
BOTTOM OF THE 2ND
Rome Braves batting - Pitching for Hillsboro Hops : RHP Justin Gasper
Batting: RHB Adonis Jenifer 0-0: Ball
1-0: Ball
2-0: Swinging Strike
2-1: Foul Ball, location: 2F
2-2: Ground out U3 (Groundball, 34, EV 83.1 MPH)
Batting: RHB Alex Campos 0-0: Ball
1-0: Called Strike
1-1: Swinging Strike
1-2: Hit by Pitch
Batting: RHB Tetsuro Sato 0-0: Ball
1-0: Foul Ball, location: 2F
1-1: Ball
Balk!
Alex Campos to second
2-1: SINGLE (Groundball, 4MD, EV 100.6 MPH)
Alex Campos to third
Runner from 3rd tries for Home, SAFE, throw by CF to home
Tetsuro Sato to second
Batting: RHB Phil Holman 0-0: Foul Ball, location: 2F
0-1: Ball
1-1: Called Strike
1-2: Ball
2-2: SINGLE (Groundball, 34D, EV 93.8 MPH)
Tetsuro Sato to third
Runner from 3rd tries for Home, SAFE, throw by RF to home
Batting: RHB Vicente Guillen 0-0: Ball
1-0: Ball
2-0: Foul Ball, location: 2F
2-1: Ball
Wild Pitch!
Phil Holman to second
3-1: Foul Ball, location: 2F
3-2: Strikes out swinging
Batting: RHB Rafael Reyes 0-0: Ball
1-0: Foul Ball, location: 2F
1-1: Ball
2-1: Swinging Strike
2-2: Foul Ball, location: 2F
2-2: Foul Ball, location: 2F
2-2: Strikes out looking
Bottom of the 2nd over - 2 runs, 2 hits, 0 errors, 1 left on base; Hillsboro 0 - Rome 3
TOP OF THE 3RD
Hillsboro Hops batting - Pitching for Rome Braves : RHP Chris Hawkins
Batting: RHB Nelson Ozuna 0-0: Ball
1-0: Ball
2-0: Ball
3-0: Base on Balls
Batting: RHB Dwane Reed 0-0: Called Strike
0-1: Ball
1-1: Ball
2-1: Swinging Strike
2-2: Hit by Pitch
Nelson Ozuna to second
Batting: RHB Terry Jarrells 0-0: Swinging Strike
0-1: Ball
1-1: Swinging Strike
1-2: Ball
2-2: Ball
3-2: Foul Ball, location: 2F
3-2: Foul Ball, location: 2F
3-2: Strikes out swinging
Batting: RHB Danny Loyola 0-0: Foul Ball, location: 2F
0-1: Reached on error, E3 (Groundball, 34S, EV 81.2 MPH)
Nelson Ozuna to third
Dwane Reed to second
Batting: RHB Jonathan Underhill 0-0: Foul Ball, location: 2F
0-1: Foul Ball, location: 2F
0-2: Ball
1-2: Ball
2-2: Foul Ball, location: 2F
2-2: Strikes out swinging
Batting: RHB Sean Tanner 0-0: Ball
Wild Pitch!
Nelson Ozuna scores
Dwane Reed to third
Danny Loyola to second
1-0: Foul Ball, location: 2F
1-1: Ball
2-1: Called Strike
2-2: Foul Ball, location: 2F
2-2: Strikes out looking
Top of the 3rd over - 1 run, 0 hits, 1 error, 2 left on base; Hillsboro 1 - Rome 3
BOTTOM OF THE 3RD
Rome Braves batting - Pitching for Hillsboro Hops : RHP Justin Gasper
Batting: RHB Costantino Dolfini 0-0: Called Strike
0-1: Foul Ball, location: 2F
0-2: Strikes out swinging
Batting: LHB Tamaichi Sasada 0-0: Ball
1-0: Called Strike
1-1: Swinging Strike
1-2: Foul Ball, location: 2F
1-2: Strikes out swinging
Batting: RHB Josh McCormick 0-0: TRIPLE (Flyball, 9LD, EV 108.1 MPH)
Batting: RHB Adonis Jenifer 0-0: DOUBLE (Line Drive, 8LXD, EV 104.4 MPH)
Josh McCormick scores
Batting: RHB Alex Campos 0-0: Called Strike
0-1: Ball
1-1: Swinging Strike
1-2: SINGLE (Line Drive, 8LS, EV 96.2 MPH)
Adonis Jenifer to third
Batting: RHB Tetsuro Sato 0-0: Foul Ball, location: 2F
0-1: Ball
1-1: Called Strike
1-2: Ball
2-2: Ball
3-2: Strikes out looking
Bottom of the 3rd over - 1 run, 3 hits, 0 errors, 2 left on base; Hillsboro 1 - Rome 4
TOP OF THE 4TH
Hillsboro Hops batting - Pitching for Rome Braves : RHP Chris Hawkins
Batting: RHB Longfellow Wetzler 0-0: Called Strike
0-1: Foul Ball, location: 2F
0-2: Strikes out looking
Batting: RHB Daniel Rivera 0-0: Ball
1-0: Called Strike
1-1: Ball
2-1: SINGLE (Groundball, 56D, EV 100.6 MPH)
Batting: RHB Chris McGrath 0-0: Foul Ball, location: 2F
0-1: Ball
1-1: Ball
2-1: SINGLE (Groundball, 34, EV 101.9 MPH) (infield hit)
Daniel Rivera to second
Batting: RHB Nelson Ozuna 0-0: Called Strike
0-1: Ground out 5-3 (Groundball, 56S, EV 71.9 MPH)
Daniel Rivera to third
Chris McGrath to second
Batting: RHB Dwane Reed 0-0: Ball
1-0: Ball
2-0: Foul Ball, location: 2F
2-1: Swinging Strike
2-2: Foul Ball, location: 2F
2-2: Foul Ball, location: 2F
2-2: Strikes out swinging
Top of the 4th over - 0 runs, 2 hits, 0 errors, 2 left on base; Hillsboro 1 - Rome 4
BOTTOM OF THE 4TH
Rome Braves batting - Pitching for Hillsboro Hops : RHP Justin Gasper
Batting: RHB Phil Holman 0-0: Ball
1-0: DOUBLE (Line Drive, 9LS, EV 108.1 MPH)
Batting: RHB Vicente Guillen 0-0: Called Strike
Phil Holman steals 3rd base
0-1: Ball
1-1: Foul Ball, location: 2F
1-2: Strikes out swinging
Batting: RHB Rafael Reyes 0-0: SINGLE (Line Drive, 8LS, EV 100.6 MPH)
Phil Holman scores
Pitching: RHP Jake Priest
Batting: RHB Costantino Dolfini 0-0: Called Strike
Rafael Reyes steals 2nd base
0-1: Fly out, F7 (Flyball, 78S, EV 91.2 MPH)
Batting: LHB Tamaichi Sasada 0-0: Foul Ball, location: 2F
0-1: Ball
1-1: Called Strike
1-2: Strikes out looking
Bottom of the 4th over - 1 run, 2 hits, 0 errors, 1 left on base; Hillsboro 1 - Rome 5
TOP OF THE 5TH
Hillsboro Hops batting - Pitching for Rome Braves : RHP Chris Hawkins
Pitching: RHP Seriozha Darzinsh
Batting: RHB Terry Jarrells 0-0: Ball
1-0: Ball
2-0: Called Strike
2-1: Swinging Strike
2-2: Foul Ball, location: 2F
2-2: Foul Ball, location: 2F
2-2: Ball
3-2: Foul Ball, location: 2F
3-2: TRIPLE (Line Drive, 9LD, EV 104.4 MPH)
Batting: RHB Danny Loyola 0-0: Called Strike
0-1: Ball
1-1: Swinging Strike
1-2: Foul Ball, location: 2F
1-2: 2-RUN HOME RUN (Flyball, 7D, EV 105.0 MPH), Distance : 409 ft
Batting: RHB Jonathan Underhill 0-0: Ball
1-0: Called Strike
1-1: Called Strike
1-2: Strikes out swinging
Batting: RHB Sean Tanner 0-0: Foul Ball, location: 2F
0-1: Fly out, F8 (Flyball, 8RS, EV 71.2 MPH)
Batting: RHB Longfellow Wetzler 0-0: SINGLE (Line Drive, 8LS, EV 88.8 MPH)
Batting: RHB Daniel Rivera 0-0: Called Strike
0-1: Foul Ball, location: 2F
0-2: SINGLE (Groundball, 6M, EV 111.2 MPH) (infield hit)
Longfellow Wetzler to second
Batting: RHB Chris McGrath 0-0: Foul Ball, location: 2F
0-1: SINGLE (Flyball, 4D, EV 91.2 MPH)
Longfellow Wetzler to third
Daniel Rivera to second
Runner from 3rd tries for Home, SAFE, throw by CF to home
Pitching: LHP Steve Young
Batting: RHB Nelson Ozuna 0-0: Ball
1-0: Ball
2-0: Foul Ball, location: 2F
2-1: Swinging Strike
2-2: Foul Ball, location: 2F
2-2: Foul Ball, location: 2F
2-2: Foul Ball, location: 2F
2-2: Fly out, F9 (Flyball, 9D, EV 97.5 MPH)
Top of the 5th over - 3 runs, 5 hits, 0 errors, 2 left on base; Hillsboro 4 - Rome 5
BOTTOM OF THE 5TH
Rome Braves batting - Pitching for Hillsboro Hops : RHP Jake Priest
Batting: RHB Josh McCormick 0-0: Ball
1-0: Foul Ball, location: 2F
1-1: Ball
2-1: Ball
3-1: Foul Ball, location: 2F
3-2: Ground out 6-3 (Groundball, 6, EV 92.5 MPH)
Batting: RHB Adonis Jenifer 0-0: Fly out, F8 (Flyball, 8RM, EV 95.6 MPH)
Batting: RHB Alex Campos 0-0: Ball
1-0: Foul Ball, location: 2F
1-1: Foul Ball, location: 2F
1-2: SINGLE (Groundball, 4MD, EV 96.2 MPH)
Batting: RHB Tetsuro Sato 0-0: Called Strike
0-1: Ball
Wild Pitch!
Alex Campos to second
1-1: Ball
2-1: Called Strike
2-2: Strikes out swinging
Bottom of the 5th over - 0 runs, 1 hit, 0 errors, 1 left on base; Hillsboro 4 - Rome 5
TOP OF THE 6TH
Hillsboro Hops batting - Pitching for Rome Braves : LHP Steve Young
Batting: RHB Dwane Reed 0-0: Foul Ball, location: 2F
0-1: Ball
1-1: Foul Ball, location: 2F
1-2: Fly out, F4 (Popup, 4M, EV 80.6 MPH)
Batting: RHB Terry Jarrells 0-0: Ball
1-0: Foul Ball, location: 2F
1-1: Ball
2-1: Foul Ball, location: 2F
2-2: Ball
3-2: Foul Ball, location: 2F
3-2: Base on Balls
Batting: RHB Danny Loyola 0-0: SINGLE (Line Drive, 8RS, EV 108.1 MPH)
Terry Jarrells to second
Batting: RHB Jonathan Underhill 0-0: Called Strike
0-1: Called Strike
0-2: SINGLE (Groundball, 34S, EV 66.2 MPH) (infield hit)
Terry Jarrells to third
Danny Loyola to second
Batting: RHB Sean Tanner 0-0: Called Strike
0-1: Swinging Strike
0-2: Strikes out swinging
Batting: RHB Longfellow Wetzler 0-0: Foul Ball, location: 2F
0-1: Called Strike
0-2: Strikes out swinging
Top of the 6th over - 0 runs, 2 hits, 0 errors, 3 left on base; Hillsboro 4 - Rome 5
BOTTOM OF THE 6TH
Rome Braves batting - Pitching for Hillsboro Hops : RHP Jake Priest
Batting: RHB Phil Holman 0-0: Swinging Strike
0-1: Ball
1-1: Called Strike
1-2: Strikes out looking
Batting: RHB Vicente Guillen 0-0: Ball
1-0: Ball
2-0: Ball
3-0: Called Strike
3-1: Reached on error, E6 (Groundball, 56, EV 85.0 MPH)
Batting: RHB Rafael Reyes 0-0: Called Strike
0-1: Hit by Pitch
Vicente Guillen to second
Batting: RHB Costantino Dolfini 0-0: Called Strike
0-1: Ball
1-1: Foul Ball, location: 2F
1-2: Strikes out looking
Batting: LHB Tamaichi Sasada 0-0: Ball
1-0: Ball
2-0: Ball
3-0: Base on Balls
Vicente Guillen to third
Rafael Reyes to second
Pitching: RHP Nick Garland
Batting: RHB Josh McCormick 0-0: Swinging Strike
0-1: Swinging Strike
0-2: Strikes out swinging
Bottom of the 6th over - 0 runs, 0 hits, 1 error, 3 left on base; Hillsboro 4 - Rome 5
TOP OF THE 7TH
Hillsboro Hops batting - Pitching for Rome Braves : LHP Steve Young
Pitching: RHP Wami Benthami
Pinch Hitting: SHB Pete Perla 0-0: Foul Ball, location: 2F
0-1: Foul Ball, location: 2F
0-2: Ball
1-2: Ball
2-2: Ball
3-2: DOUBLE (Flyball, 78XD, EV 106.2 MPH)
Pinch Hitting: SHB Morgan Batson 0-0: Called Strike
0-1: Ball
1-1: Called Strike
1-2: Strikes out looking
Batting: RHB Nelson Ozuna 0-0: Ball
1-0: Called Strike
1-1: Swinging Strike
1-2: Hit by Pitch
Batting: RHB Dwane Reed 0-0: Called Strike
0-1: Foul Ball, location: 2F
0-2: SINGLE (Groundball, 56D, EV 101.9 MPH) (infield hit)
Pete Perla to third
Nelson Ozuna to second
Batting: RHB Terry Jarrells 0-0: Called Strike
0-1: Ball
1-1: Ball
2-1: Called Strike
2-2: Ball
3-2: Base on Balls
Pete Perla scores
Nelson Ozuna to third
Dwane Reed to second
Batting: RHB Danny Loyola 0-0: Called Strike
0-1: Ball
1-1: Fly out, F8 (Line Drive, 78M, EV 90.0 MPH)
Runner from 3rd tags up, OUT at HOME! 8-2
Top of the 7th over - 1 run, 2 hits, 0 errors, 2 left on base; Hillsboro 5 - Rome 5
BOTTOM OF THE 7TH
Rome Braves batting - Pitching for Hillsboro Hops : RHP Nick Garland
Now at 3B: Morgan Batson
Now in LF: Jake Shelton
Batting: RHB Adonis Jenifer 0-0: Ball
1-0: Ball
2-0: Ball
3-0: Called Strike
3-1: Foul Ball, location: 2F
3-2: Foul Ball, location: 2F
3-2: Strikes out swinging
Batting: RHB Alex Campos 0-0: Called Strike
0-1: Foul Ball, location: 2F
0-2: Strikes out swinging
Batting: RHB Tetsuro Sato 0-0: Swinging Strike
0-1: Swinging Strike
0-2: Strikes out swinging
Bottom of the 7th over - 0 runs, 0 hits, 0 errors, 0 left on base; Hillsboro 5 - Rome 5
TOP OF THE 8TH
Hillsboro Hops batting - Pitching for Rome Braves : RHP Wami Benthami
Batting: RHB Jonathan Underhill 0-0: Ball
1-0: Foul Ball, location: 2F
1-1: Swinging Strike
1-2: Strikes out looking
Pinch Hitting: LHB Josh Thomas 0-0: Ball
1-0: Ball
2-0: Ball
3-0: Base on Balls
Pitching: LHP Justin Hawk
Pinch Runner at 1st Roberto Monzon:
Batting: RHB Longfellow Wetzler 0-0: Ball
Roberto Monzon steals 2nd, throwing error, E2
Roberto Monzon to third
1-0: Ball
Wild Pitch!
Roberto Monzon scores
2-0: Ball
3-0: Called Strike
3-1: Foul Ball, location: 2F
3-2: SINGLE (Flyball, 89S, EV 86.9 MPH)
Batting: RHB Jake Shelton 0-0: Foul Ball, location: 2F
0-1: Ball
Longfellow Wetzler steals 2nd base
1-1: Intentional Walk
Batting: SHB Morgan Batson 0-0: Swinging Strike
0-1: Foul Ball, location: 2F
0-2: Ball
1-2: Foul Ball, location: 2F
1-2: Ball
2-2: Foul Ball, location: 2F
2-2: DOUBLE (Line Drive, 9LM, EV 109.4 MPH)
Longfellow Wetzler scores
Jake Shelton to third
Batting: RHB Nelson Ozuna 0-0: Called Strike
0-1: Swinging Strike
0-2: Strikes out looking
Batting: RHB Dwane Reed 0-0: Foul Ball, location: 2F
0-1: Fly out, F4 (Line Drive, 34, EV 63.8 MPH)
Top of the 8th over - 2 runs, 2 hits, 1 error, 2 left on base; Hillsboro 7 - Rome 5
BOTTOM OF THE 8TH
Rome Braves batting - Pitching for Hillsboro Hops : RHP Nick Garland
Now at C: Joe Myers
Now at 3B: Dwane Reed
Now at SS: Jim Begger
Batting: RHB Phil Holman 0-0: Called Strike
0-1: DOUBLE (Line Drive, 9LS, EV 98.1 MPH)
Batting: RHB Vicente Guillen 0-0: Called Strike
0-1: Ball
1-1: Called Strike
1-2: Ball
2-2: Foul Ball, location: 2F
2-2: Strikes out swinging
Batting: RHB Rafael Reyes 0-0: Called Strike
0-1: Swinging Strike
0-2: Strikes out swinging
Pitching: RHP Andrew Yoder
Batting: RHB Costantino Dolfini 0-0: Ball
1-0: Called Strike
1-1: SINGLE (Line Drive, 78S, EV 101.9 MPH)
Phil Holman to third
Pitching: LHP Chris Bonfanti
Batting: LHB Tamaichi Sasada 0-0: Foul Ball, location: 2F
0-1: Called Strike
0-2: Strikes out looking
Bottom of the 8th over - 0 runs, 2 hits, 0 errors, 2 left on base; Hillsboro 7 - Rome 5
TOP OF THE 9TH
Hillsboro Hops batting - Pitching for Rome Braves : LHP Justin Hawk
Batting: RHB Terry Jarrells 0-0: Swinging Strike
0-1: Swinging Strike
0-2: Ball
1-2: Strikes out swinging
Batting: RHB Danny Loyola 0-0: Called Strike
0-1: Foul Ball, location: 2F
0-2: Ball
1-2: Foul Ball, location: 2F
1-2: Ball
2-2: Ball
3-2: Strikes out swinging
Batting: RHB Jonathan Underhill 0-0: Called Strike
0-1: Foul Ball, location: 2F
0-2: Ball
1-2: Ball
2-2: Strikes out looking
Top of the 9th over - 0 runs, 0 hits, 0 errors, 0 left on base; Hillsboro 7 - Rome 5
BOTTOM OF THE 9TH
Rome Braves batting - Pitching for Hillsboro Hops : LHP Chris Bonfanti
Pitching: LHP Jose Estrada
Now at 1B: Orlando Florez
Batting: RHB Josh McCormick 0-0: Ball
1-0: Called Strike
1-1: Foul Ball, location: 2F
1-2: Strikes out swinging
Batting: RHB Adonis Jenifer 0-0: Ball
1-0: Ball
2-0: Ball
3-0: Base on Balls
Batting: RHB Alex Campos 0-0: Foul Ball, location: 2F
0-1: Foul Ball, location: 2F
0-2: Strikes out swinging
Batting: RHB Tetsuro Sato 0-0: Ball
1-0: Ball
Wild Pitch!
Adonis Jenifer to second
2-0: Swinging Strike
2-1: Ball
3-1: Base on Balls
Pinch Runner at 2nd Tim Molchan:
Batting: RHB Phil Holman 0-0: Ball
1-0: Ball
2-0: 3-RUN HOME RUN (Flyball, 7LD, EV 94.4 MPH), Distance : 349 ft
Bottom of the 9th over - 3 runs, 1 hit, 0 errors, 0 left on base; Hillsboro 7 - Rome 8
Thursday, December 15th , 2022 - OOTP Baseball 23.9 Build 102